 Dungeon Crawl Stone Soup version 0.29-a0-233-g1125b37a9b (webtiles) character file.

Game seed: 17950170205980966049

259 drugrobin the Chopper (level 5, -9/42 HPs)
             Began as a Demigod Fighter on Mar 1, 2022.
             Mangled by a mummy (14 damage)
             ... in an ossuary.
             The game lasted 00:07:20 (3336 turns).

drugrobin the Chopper (Demigod Fighter)             Turns: 3336, Time: 00:07:21

Health: -9/42      AC:  8    Str: 21    XL:     5   Next: 63%
Magic:  7/7        EV:  7    Int: 10    God:
Gold:   63         SH:  4    Dex: 13    Spells: 4/4 levels left

rFire   . . .      SeeInvis .   a - +0 war axe
rCold   . . .      Faith    .   c - +0 buckler
rNeg    . . .      Spirit   .   j - +0 chain mail
rPois   .          Reflect  .   (no helmet)
rElec   .          Harm     .   (no cloak)
rCorr   .          Rampage  .   (no gloves)
Will    +....                   (no boots)
Stlth   ..........              o - amulet of regeneration
HPRegen 0.94/turn               p - ring of willpower
MPRegen 0.10/turn               (no ring)

@: marked
A: high MP 1, forlorn, divine attributes
a: no special abilities


You were in an ossuary.
You visited 1 branch of the dungeon, and saw 4 of its levels.
You also visited: Ossuary.

You collected 133 gold pieces.
You spent 70 gold pieces at shops.

Inventory:

Hand Weapons
 a - a +0 war axe (weapon)
 b - a +0 hunting sling
 w - a +0 hand axe
Missiles
 g - 138 stones (quivered)
 i - a curare-tipped dart
 r - 5 poisoned darts
Armour
 c - a +0 buckler (worn)
 j - a +0 chain mail (worn)
 n - a +0 scale mail
Jewellery
 o - an amulet of regeneration (around neck)
 p - a ring of willpower (left hand)
 t - an amulet of magic regeneration
Wands
 l - a wand of iceblast (10)
 v - a wand of flame (12)
Scrolls
 e - a scroll of blinking
 h - 7 scrolls of teleportation
 k - a scroll of fog
 m - a scroll of fear
 q - 3 scrolls of silence
 s - a scroll of torment
 u - a scroll of immolation
Potions
 d - a potion of might
 f - 3 potions of curing


   Skills:
 - Level 2.6 Fighting
 + Level 5.7 Axes
 - Level 2.6 Armour
 - Level 2.6 Shields


You had 4 spell levels left.
You didn't know any spells.
Your spell library contained the following spells:

 Spells                   Type           Power      Damage    Failure   Level
 Call Canine Familiar     Summ           0%         N/A       100%        3
 Confusing Touch          Hex            0%         N/A       100%        3
 Portal Projectile        Hex/Tloc       0%         N/A       100%        3
 Leda's Liquefaction      Hex/Erth       0%         N/A       100%        4
 Summon Forest            Summ/Tloc      0%         N/A       100%        5
 Yara's Violent Unravell  Hex/Tmut       0%         3d3       100%        5
 Eringya's Noxious Bog    Tmut/Pois      0%         N/A       100%        6
 Enfeeble                 Hex            0%         N/A       100%        7
 Summon Hydra             Summ           0%         N/A       100%        7


Dungeon Overview and Level Annotations

Branches:
Dungeon (4/15)            Ossuary (1/1)
 Temple: D:4-7

Shops:
D:2 ?


Innate Abilities, Weirdness & Mutations

You have an increased reservoir of magic. (+10% MP)
You shall have no god before yourself.
Your divine heritage dramatically boosts your attributes as you level up.


Message History

The centaur zombie enters a dispersal trap!
The hobgoblin zombie blinks!
The centaur zombie blinks!
The hobgoblin zombie blinks!
The centaur zombie blinks!
The hobgoblin zombie blinks!
The centaur zombie blinks!
The mummy blinks!
The hobgoblin zombie blinks!
You blink.
The centaur zombie blinks!
The mummy blinks!
The hobgoblin zombie blinks!
The mummy blinks!
The hobgoblin zombie blinks!
The centaur zombie moves out of view.
Unknown command.
Unknown command.
Aiming: Throw Flame
Press: ? - help, Shift-Dir - straight line, f - mummy
Aim: a mummy (85% to hit)
The puff of flame hits the mummy.
The mummy is lightly damaged.
Unknown command.
Aiming: Throw Flame
Press: ? - help, Shift-Dir - straight line, f/p - mummy
Aim: a mummy (lightly damaged, 85% to hit)
The puff of flame hits the mummy.
The mummy is lightly damaged.
Unknown command.
Unknown command.
Unknown command.
You hit the mummy.
The mummy is moderately damaged.
You hit the mummy. The mummy barely misses you.
Unknown command.
Unknown command.
You closely miss the mummy.
The mummy is moderately damaged.
You hit the mummy but do no damage. The mummy hits you!
Unknown command.
Unknown command.
Unknown command.
You hit the mummy.
The mummy is heavily damaged.
You hit the mummy but do no damage. The mummy hits you!
* * * LOW HITPOINT WARNING * * *
The mummy hits you!
You die...

# # ##
#.#.#.###########
Z...^...........##
^.§Z§§§...Z....M@#
§^...§...∩MZ....M#
§§..^.Z..........#
§...Z.^.........##
#.#.#.###########
# ####


You could see 3 mummies and 2 hobgoblin zombies.

Vanquished Creatures
  A kobold brigand (D:4)
  An orc priest (D:3)
  An orc wizard (D:3)
  6 adders
  2 worms
  15 orcs
  6 endoplasms
  2 giant cockroaches (D:1)
  8 hobgoblins
  3 kobolds
  A quokka (D:1)
  8 ball pythons
  5 bats
  4 frilled lizards
  2 goblins
  7 rats
72 creatures vanquished.

Vanquished Creatures (others)
  An orc (D:3)
  An endoplasm (D:3)
2 creatures vanquished.

Grand Total: 74 creatures vanquished

Notes
Turn   | Place    | Note
-------+----------+-------------------------------------------
     0 | D:1      | drugrobin the Demigod Fighter began the quest for the Orb.
     0 | D:1      | Reached XP level 1. HP: 18/18 MP: 3/3
    34 | D:1      | Reached skill level 2 in Axes
   206 | D:1      | Reached XP level 2. HP: 16/25 MP: 4/4
   590 | D:1      | Reached skill level 3 in Axes
  1394 | D:2      | Found Orozits's Magic Scroll Shoppe.
  1401 | D:2      | Bought a scroll of fog for 20 gold pieces
  1401 | D:2      | Bought a scroll of teleportation for 30 gold pieces
  1401 | D:2      | Bought a scroll of identify for 20 gold pieces
  1602 | D:2      | Reached XP level 3. HP: 8/30 MP: 5/5
  1992 | D:2      | Identified the +1 leather armour of the Harvest {Str+4}
  2497 | D:3      | Reached skill level 4 in Axes
  2497 | D:3      | Reached XP level 4. HP: 33/37 MP: 6/6
  3048 | D:4      | Reached skill level 5 in Axes
  3139 | D:4      | Reached XP level 5. HP: 42/42 MP: 7/7
  3294 | D:4      | Found a sand-covered staircase.
  3316 | Ossuary  | Entered an ossuary
  3336 | Ossuary  | Mangled by a mummy

Illustrated notes

Levels and vault maps discovered:
D:1:      dpeg_arrival_central, layout_basic,
          chequers_ecumenical_altar_simple_redux, patterned_corridor
D:2:      layout_basic, serial_shops, shop, basic_altar
D:3:      layout_loops_ring, slow_altar_2, fiery_altar_vehumet
D:4:      layout_basic, temple_green, nicolae_ossuary_entry_ruins
Ossuary:  ossuary_the_hunt_dpeg

Skill      XL: |  1  2  3  4 |
---------------+-------------+-----
Axes           | 2 3 4 5 |  5.7
Fighting       | |  2.6
Armour         | |  2.6
Shields        | |  2.6

Action                   |  1- 3 |  4- 6 || total
-------------------------+-------+-------++-------
Melee: War axe           |   109 |    81 ||   190
 Fire: Hunting sling     |     1 |     2 ||     3
Throw: Boomerang         |     5 |     5 ||    10
       Dart              |     1 |     5 ||     6
Evoke: Wand              |       |     2 ||     2
  Use: Scroll            |     2 |     4 ||     6
Armor: Scale mail        |    22 |       ||    22
       Chain mail        |    40 |    49 ||    89
Dodge: Dodged            |    46 |    21 ||    67
Block: Buckler           |    23 |    19 ||    42

Table legend: (Time is in decaauts)
 A = Elapsed time spent in this place.
 B = Non-inter-level travel time spent in this place.
 C = Inter-level travel time spent in this place.
 D = Time resting spent in this place.
 E = Time spent auto-exploring this place.
 F = Levels seen in this place.
 G = Mean time per level.
                   A        B        C        D        E       F      G
               +--------+--------+--------+--------+--------+-----+--------+
         Total |   3418 |   3267 |    151 |     51 |   2356 |   5 |  683.6 |
       Dungeon |   3398 |   3247 |    151 |     51 |   2356 |   4 |  849.5 |
       Ossuary |     20 |     20 |      0 |      0 |      0 |   1 |   20.0 |
               +--------+--------+--------+--------+--------+-----+--------+

Top non-repeatable levels by time:
     D:1: 1402 daAuts
     D:2: 879 daAuts
     D:3: 812 daAuts
     D:4: 303 daAuts
 Ossuary: 20 daAuts
